 Dungeon Crawl Stone Soup version 0.31-a0-986-g5e6e4ef867 (webtiles) character file.

Game seed: 8734817304997663829

58 SigmundSlayer the Charlatan (level 4, -1/34 HPs)
             Began as a Gnoll Artificer on Nov 3, 2023.
             Slain by Crazy Yiuf
             ... wielding a +2 quarterstaff of chaos
              (14 damage)
             ... on level 2 of the Dungeon.
             The game lasted 00:03:36 (1551 turns).

SigmundSlayer the Charlatan (Gnoll Artificer)       Turns: 1551, Time: 00:03:37

Health: -1/34      AC:  3    Str: 11    XL:     4   Next: 1%
Magic:  0/5        EV: 12    Int: 11    God:
Gold:   56         SH:  0    Dex: 14    Spells: 5/5 levels left

rFire   . . .        b - +3 sling
rCold   . . .        (no shield)
rNeg    + . .        i - +0 leather armour
rPois   .            (no helmet)
rElec   .            (no cloak)
rCorr   .            (no gloves)
SInv    .            (no boots)
Will    .....        p - amulet of guardian spirit
Stlth   ++           f - ring of positive energy
HPRegen 0.25/turn    (no ring)
MPRegen 0.09/turn

%: guardian spirit
@: lethally poisoned (-1 -> -4)
A: fangs 1, strong nose, distributed training
a: no special abilities


You were on level 2 of the Dungeon.
You visited 1 branch of the dungeon, and saw 2 of its levels.

You collected 56 gold pieces.

Inventory:

Hand Weapons
 a - a +0 short sword
 b - a +3 sling (weapon)
Armour
 i - a +0 leather armour (worn)
Jewellery
 f - a ring of positive energy (left hand)
 p - an amulet of guardian spirit (around neck)
Wands
 c - a wand of flame (15)
 d - a wand of charming (15)
 e - a wand of iceblast (5)
Scrolls
 k - 2 scrolls of amnesia
 n - a scroll of immolation
 o - a scroll of teleportation
Potions
 h - a potion of might {unknown}
 j - a potion of degeneration {unknown}
 l - a potion of brilliance {unknown}
 m - 2 potions of attraction {unknown}
 q - a potion of ambrosia {unknown}


   Skills:
 + Level 2.7 Fighting
 + Level 1.0 Short Blades
 + Level 1.0 Long Blades
 + Level 1.0 Axes
 + Level 1.0 Maces & Flails
 + Level 1.0 Polearms
 + Level 1.0 Staves
 + Level 1.0 Ranged Weapons
 + Level 1.0 Throwing
 + Level 4.6 Armour
 + Level 2.7 Dodging
 + Level 2.5 Stealth
 + Level 1.0 Shields
 + Level 1.0 Unarmed Combat
 + Level 1.0 Spellcasting
 + Level 0.7 Conjurations
 + Level 0.7 Hexes
 + Level 0.7 Summonings
 + Level 0.7 Necromancy
 + Level 0.7 Translocations
 + Level 0.7 Transmutations
 + Level 0.7 Fire Magic
 + Level 0.7 Ice Magic
 + Level 0.7 Air Magic
 + Level 0.7 Earth Magic
 + Level 0.7 Poison Magic
 + Level 1.1 Invocations
 + Level 6.5 Evocations
 + Level 0.9 Shapeshifting


You had 5 spell levels left.
You didn't know any spells.
Your spell library contained the following spells:

 Spells                   Type           Power      Damage    Failure   Level
 Inner Flame              Hex/Fire       2%         N/A       65%         3
 Flame Wave               Conj/Fire      2%         2d4       96%         4
 Sticky Flame             Conj/Fire      2%         2d3       96%         4


Dungeon Overview and Level Annotations

Branches:
Dungeon (2/15)

Altars:

Shops:
D:2 *

Annotations:
D:2 Crazy Yiuf, Jessica


Innate Abilities, Weirdness & Mutations

You have very sharp teeth.
Your uncanny sense of smell can sniff out nearby items.
Your experience applies equally to all skills.


Message History

You feel better. Jessica barely misses you. Crazy Yiuf closely misses you.
Jessica barely misses you.
Fire: b) +3 sling
Press: ? - help, Q - select action, (/) - cycle Shift-Dir - straight line, f/p - Crazy Yiuf
Aim: Crazy Yiuf, wielding a +2 quarterstaff of chaos and wearing a +0 cloak (moderately wounded, 64% to hit)
You shoot a sling bullet. The sling bullet hits Crazy Yiuf.
Crazy Yiuf is heavily wounded.
Jessica shouts, "You're disturbing me!
I'll have to kill you!" Jessica barely misses you.
Crazy Yiuf says, "Spliff!"
Crazy Yiuf misses you. Jessica completely misses you.
Fire: b) +3 sling
Press: ? - help, Q - select action, (/) - cycle Shift-Dir - straight line, f/p - Crazy Yiuf
Aim: Crazy Yiuf, wielding a +2 quarterstaff of chaos and wearing a +0 cloak (heavily wounded, 64% to hit)
You shoot a sling bullet. The sling bullet hits Crazy Yiuf.
Crazy Yiuf is heavily wounded.
Crazy Yiuf yells, "Powder arga Hive!"
Crazy Yiuf closely misses you. Jessica misses you.
Crazy Yiuf barely misses you. Jessica hits you but does no damage.
You are poisoned.
Fire: b) +3 sling
Press: ? - help, Q - select action, (/) - cycle Shift-Dir - straight line, f/p - Crazy Yiuf
Aim: Crazy Yiuf, wielding a +2 quarterstaff of chaos and wearing a +0 cloak (heavily wounded, 64% to hit)
You shoot a sling bullet.
The sling bullet hits Crazy Yiuf but does no damage.
Crazy Yiuf is heavily wounded.
You feel very sick.
Jessica casts a spell.
Jessica blinks!
Crazy Yiuf hits you with a +2 quarterstaff of chaos.
Crazy Yiuf burns you.
Fire: b) +3 sling
Press: ? - help, Q - select action, (/) - cycle Shift-Dir - straight line, f/p - Crazy Yiuf
Aim: Crazy Yiuf, wielding a +2 quarterstaff of chaos and wearing a +0 cloak (heavily wounded, 64% to hit)
You shoot a sling bullet. The sling bullet hits Crazy Yiuf.
Crazy Yiuf is almost dead.
You feel sick.
Crazy Yiuf whimpers, "Leather unthinkable bag!"
Crazy Yiuf hits you with a +2 quarterstaff of chaos!
You die...

#...#.#..........#........#
.................'........#
#...#.#.#################.#
##....#.# ##.# ........#
#..# ......### ### ♣♣##..#
####.## #)..#♣♣ ♣♣.#...#
#.# #...@g♣♣♣♣......# #.#
#...#♣@.♣......## #.# ###
♣♣♣.♣..#.## #.# ♣♣♣♣♣###
#.# #.# #### #.#######..#
#..........# #########.##
#.#


You could see Crazy Yiuf and Jessica (fast).

Vanquished Creatures
  An adder (D:2)
  3 dart slugs (D:1)
  3 endoplasms (D:1)
  3 giant cockroaches
  6 goblins
  6 hobgoblins
  A quokka (D:1)
  6 ball pythons
  3 bats (D:1)
  2 frilled lizards
  3 kobolds (D:1)
  2 rats (D:1)
39 creatures vanquished.

Notes
Turn   | Place    | Note
-------+----------+-------------------------------------------
     0 | D:1      | SigmundSlayer the Gnoll Artificer began the quest for the
                  | Orb.
     0 | D:1      | Reached XP level 1. HP: 17/17 MP: 1/1
    62 | D:1      | Reached XP level 2. HP: 23/23 MP: 2/2
   298 | D:1      | Reached XP level 3. HP: 28/28 MP: 3/3
   568 | D:1      | Reached skill level 1 in Invocations
   590 | D:1      | Found a faded altar of an unknown god.
   863 | D:2      | Reached skill level 1 in Short Blades
   863 | D:2      | Reached skill level 1 in Long Blades
   863 | D:2      | Reached skill level 1 in Axes
   863 | D:2      | Reached skill level 1 in Maces & Flails
   863 | D:2      | Reached skill level 1 in Polearms
   863 | D:2      | Reached skill level 1 in Staves
   863 | D:2      | Reached skill level 1 in Ranged Weapons
   863 | D:2      | Reached skill level 1 in Throwing
   863 | D:2      | Reached skill level 1 in Shields
   863 | D:2      | Reached skill level 1 in Unarmed Combat
   863 | D:2      | Reached skill level 1 in Spellcasting
  1121 | D:2      | Found Vefekian's Assorted Antiques.
  1224 | D:2      | Reached XP level 4. HP: 34/34 MP: 5/5
  1375 | D:2      | Found a runed translucent door.
  1376 | D:2      | Noticed Crazy Yiuf
  1376 | D:2      | Noticed Jessica
  1551 | D:2      | Slain by Crazy Yiuf

Illustrated notes

Levels and vault maps discovered:
D:1:      lemuel_arrival_cross, layout_basic, serial_glass, glass_columns_a,
          glass_columns_a, basic_ecumenical_altar
D:2:      layout_loops_corners, serial_shops, shop_statue,
          uniq_crazy_yiuf_cottage, uniq_jessica

Skill      XL: |  1  2  3 |
---------------+----------+-----
Invocations    | 1 |  1.1
Short Blades   | 1 |  1.0
Long Blades    | 1 |  1.0
Axes           | 1 |  1.0
Maces & Flails | 1 |  1.0
Polearms       | 1 |  1.0
Staves         | 1 |  1.0
Ranged Weapons | 1 |  1.0
Throwing       | 1 |  1.0
Shields        | 1 |  1.0
Unarmed Combat | 1 |  1.0
Spellcasting   | 1 |  1.0
Fighting       | |  2.7
Armour         | |  4.6
Dodging        | |  2.7
Stealth        | |  2.5
Conjurations   | |  0.7
Hexes          | |  0.7
Summonings     | |  0.7
Necromancy     | |  0.7
Translocations | |  0.7
Transmutations | |  0.7
Fire Magic     | |  0.7
Ice Magic      | |  0.7
Air Magic      | |  0.7
Earth Magic    | |  0.7
Poison Magic   | |  0.7
Evocations     | |  6.5
Shapeshifting  | |  0.9

Action                     |  1- 3 |  4- 6 || total
---------------------------+-------+-------++-------
  Melee: Club              |    26 |       ||    26
         Bite              |     6 |       ||     6
   Fire: Sling             |    77 |    10 ||    87
    Use: Scroll            |     3 |     1 ||     4
         Potion            |       |     2 ||     2
   Stab: Sleeping          |     2 |       ||     2
 Armour: Leather armour    |    36 |     8 ||    44
  Dodge: Dodged            |    44 |    17 ||    61

Table legend: (Time is in decaauts)
 A = Elapsed time spent in this place.
 B = Non-inter-level travel time spent in this place.
 C = Inter-level travel time spent in this place.
 D = Time resting spent in this place.
 E = Time spent auto-exploring this place.
 F = Levels seen in this place.
 G = Mean time per level.
                   A        B        C        D        E       F      G
               +--------+--------+--------+--------+--------+-----+--------+
         Total |   1588 |   1565 |     23 |     72 |   1207 |   2 |  794.0 |
       Dungeon |   1588 |   1565 |     23 |     72 |   1207 |   2 |  794.0 |
               +--------+--------+--------+--------+--------+-----+--------+

Top non-repeatable levels by time:
     D:2: 910 daAuts
     D:1: 678 daAuts
